 Dungeon Crawl Stone Soup version 0.28-a0-773-g130ae17fe5 (webtiles) character file.

Game seed: 3378966172498711159

428 croobank the Digger (level 6, -2/34 HPs)
             Began as a Gargoyle Earth Elementalist on Nov 1, 2021.
             Killed by divine providence
             ... invoked by an orc priest
              (12 damage)
             ... on level 4 of the Dungeon.
             The game lasted 00:26:49 (3627 turns).

croobank the Digger (Gargoyle Earth Elementalist)   Turns: 3627, Time: 00:26:51

Health: -2/34      AC:  8    Str: 18    XL:     6   Next: 98%
Magic:  10/11      EV: 12    Int: 17    God:
Gold:   124        SH:  0    Dex: 10    Spells: 4/12 levels left

rFire   . . .      SeeInvis .   t - +2 scythe (venom)
rCold   . . .      Faith    .   (shield currently unavailable)
rNeg    + . .      Spirit   .   b - +0 robe
rPois   ∞          Reflect  .   (no helmet)
rElec   +          Harm     .   n - +0 cloak
rCorr   .          Rampage  .   x - +0 pair of gloves
Will    .....                   (no boots)
Stlth   ++........              (no amulet)
HPRegen 0.11/turn               p - +6 ring of strength
MPRegen 0.12/turn               (no ring)

@: no status effects
A: sickness immunity, AC +4, negative energy resistance 1, electricity
resistance, torment resistance 1, petrification resistance
a: no special abilities


You were on level 4 of the Dungeon.
You visited 1 branch of the dungeon, and saw 4 of its levels.

You collected 148 gold pieces.
You spent 24 gold pieces at shops.

Inventory:

Hand Weapons
 e - a +0 dagger
 h - a +0 short sword
 i - a +0 spear
 t - a +2 scythe of venom (weapon)
 y - a +2 dagger of speed
Missiles
 c - 146 stones
 d - 64 arrows
 g - 31 poisoned darts
Armour
 b - a +0 robe (worn)
 n - a +0 cloak (worn)
 w - a +0 chain mail
 x - a +0 pair of gloves (worn)
Magical Staves
 a - a staff of poison
Jewellery
 p - a +6 ring of strength (left hand)
Wands
 j - a wand of flame (12)
 q - a wand of digging (6)
 B - a wand of polymorph (8)
Scrolls
 f - 2 scrolls of teleportation
 l - a scroll of magic mapping {unknown}
 o - a scroll of fear {unknown}
 r - a scroll of holy word {unknown}
 v - a scroll of immolation {unknown}
Potions
 k - 2 potions of curing
 m - 2 potions of lignification
 s - a potion of might
 z - a potion of cancellation
 A - 2 potions of heal wounds {unknown}
 C - 2 potions of flight


   Skills:
 + Level 1.3 Fighting
 + Level 1.2(1.9) Polearms
 + Level 2.3(2.5) Staves
 + Level 2.4 Dodging
 + Level 3.5 Stealth
 + Level 3.6 Spellcasting
 + Level 0.7 Transmutations
 + Level 5.6 Earth Magic


You had 4 spell levels left.
You knew the following spells:

 Your Spells              Type           Power      Damage    Failure   Level
a - Sandblast             Erth           44%        2d11      1%          1
b - Passwall              Tmut/Erth      10%        N/A       7%          2
c - Stone Arrow           Conj/Erth      24%        3d8       16%         3
d - Blink                 Tloc           6%         N/A       26%         2

Your spell library contained the following spells:

 Spells                   Type           Power      Damage    Failure   Level
 Petrify                  Tmut/Erth      13%        N/A       41%         4
 Gell's Gravitas          Tloc           3%         N/A       45%         3
 Lesser Beckoning         Tloc           3%         N/A       45%         3
 Teleport Other           Tloc           3%         N/A       45%         3


Dungeon Overview and Level Annotations

Branches:
Dungeon (4/15)
 Temple: D:4-7

Altars:
Dithmenos
Okawaru

Shops:
D:3 :*


Innate Abilities, Weirdness & Mutations

You are immune to sickness and miasma.
Your stone body is resilient. (AC +4)
You are immune to poison.
You resist negative energy. (rN+)
You are resistant to electric shocks. (rElec)
You are resistant to unholy torment.
You are immune to petrification.


Message History

You completely miss the orc. The orc hits you with a +0 mace.
The orc priest looks satisfied for a moment.
The orc closely misses you.
Aiming: Sandblast (safe; 1% risk of failure)
Press: ? - help, Q - select action, (/) - cycle Shift-Dir - straight line, f - orc priest
Aim: an orc priest, wielding a +0 falchion (81% to hit)
Okay, then.
You hit the orc.
The orc is poisoned.
The orc is severely wounded.
You kill the orc!
The orc wizard points at you and mumbles some strange words.
The puff of flame hits you!
* * * LOW HITPOINT WARNING * * *
Unknown command.
Aiming: Throw Flame
Press: ? - help, Shift-Dir - straight line, f - orc wizard
Aim: an orc wizard, wielding a +0 dagger and wearing a +0 robe (60% to hit)
The puff of flame hits the orc wizard!
The orc wizard is heavily wounded.
The orc wizard hits you but does no damage.
Unknown command.
Aiming: Throw Flame
Press: ? - help, Shift-Dir - straight line, f/p - orc wizard
Aim: an orc wizard, wielding a +0 dagger and wearing a +0 robe (heavily wounded, 60% to hit)
The puff of flame hits the orc wizard.
The orc wizard is almost dead.
The orc wizard hits you but does no damage.
Aiming: Sandblast (safe; 1% risk of failure)
Press: ? - help, Q - select action, (/) - cycle Shift-Dir - straight line, f/p - orc wizard
Aim: an orc wizard, wielding a +0 dagger and wearing a +0 robe (almost dead, 76% to hit)
The blast of sand hits the orc wizard.
You kill the orc wizard!
Aiming: Throw Flame
Press: ? - help, Shift-Dir - straight line, f - orc priest
Aim: an orc priest, wielding a +0 falchion (68% to hit)
The puff of flame hits the orc.
You kill the orc!
The orc priest invokes the aid of Beogh against you.
Beogh smites you!
You die...

...#.$..o##o#######
...................
.......####o#######
.####..# #.## .#
#..## #[.# .
#Z...o.#.### .
...###.....# ...#
#.###.##### #.
#oo@..# ..
#.###......
.#.....# #####
#....>### ..####


You could see an orc priest and an orc.

Vanquished Creatures
  Sigmund (D:2)
  A scorpion (D:3)
  2 electric eels (D:4)
  Jessica (D:2)
  An orc wizard (D:4)
  A hound skeleton (D:4)
  An adder (D:2)
  A worm (D:2)
  A dart slug (D:2)
  8 orcs
  4 endoplasms
  7 goblins
  3 hobgoblins
  4 quokkas
  3 ball pythons
  3 bats
  3 frilled lizards (D:1)
  7 kobolds
  3 rats
55 creatures vanquished.

Vanquished Creatures (others)
  A plant (D:4)
  4 withered plants (D:2)
5 creatures vanquished.

Grand Total: 60 creatures vanquished

Notes
Turn   | Place    | Note
-------+----------+-------------------------------------------
     0 | D:1      | croobank the Gargoyle Earth Elementalist began the quest
                  | for the Orb.
     0 | D:1      | Reached XP level 1. HP: 10/10 MP: 3/3
   130 | D:1      | Reached skill level 4 in Earth Magic
   237 | D:1      | Reached XP level 2. HP: 15/15 MP: 3/5
   918 | D:1      | Reached XP level 3. HP: 19/19 MP: 4/6
  1214 | D:2      | Found a faded altar of an unknown god.
  1441 | D:2      | Learned a level 2 spell: Passwall
  1445 | D:2      | Learned a level 3 spell: Stone Arrow
  1448 | D:2      | Noticed Sigmund
  1762 | D:2      | Noticed Jessica
  1768 | D:2      | Killed Jessica
  1769 | D:2      | Reached XP level 4. HP: 24/24 MP: 3/8
  1817 | D:2      | Got Jessica's Incunabulum of the Compass
  1821 | D:2      | Learned a level 2 spell: Blink
  2072 | D:2      | Killed Sigmund
  2073 | D:2      | Reached skill level 5 in Earth Magic
  2073 | D:2      | Reached XP level 5. HP: 28/28 MP: 5/10
  2073 | D:2      | Reached XP level 6. HP: 33/33 MP: 5/11
  2265 | D:3      | Found Geciwn's General Store.
  2273 | D:3      | Bought a scroll of identify for 24 gold pieces
  2390 | D:3      | Found a shadowy altar of Dithmenos.
  2431 | D:3      | Reached skill level 1 in Fighting
  2711 | D:3      | Found Guprereb's Book Emporium.
  3088 | D:3      | Found an iron altar of Okawaru.
  3560 | D:4      | Found a transporter.
  3578 | D:4      | Reached skill level 1 in Polearms
  3580 | D:4      | Found a transporter.
  3627 | D:4      | Killed from afar by an orc priest

Illustrated notes

Levels and vault maps discovered:
D:1:      heliophobic_arrival_ceremonial_halls, layout_rooms, hex_large,
          chequers_serial_rivers_small_b
D:2:      layout_basic, ebering_ecumenical_altar_petrified,
          kennysheep_jessica_study, uniq_sigmund, uniq_jessica
D:3:      layout_loops_ring, mainiacjoe_overflow_catwalk, okawaru_trees_1,
          serial_shops, shop_statue, shop, chequers_serial_rivers_small_b
D:4:      gammafunk_steamed_eel, layout_loops_ring

Skill      XL: |  1  2  3  4  5  6 |
---------------+-------------------+-----
Earth Magic    | 4 5 |  5.6
Staves         | 2 |  2.3
Dodging        | 2 |  2.4
Stealth        | 3 |  3.5
Spellcasting   | 3 |  3.6
Fighting       | 1 |  1.3
Polearms       | 1 |  1.2
Transmutations | |  0.7

Action                   |  1- 3 |  4- 6 || total
-------------------------+-------+-------++-------
Melee: Unarmed           |     3 |       ||     3
       Short sword       |     2 |       ||     2
       Staff             |    28 |    20 ||    48
       Scythe            |       |    48 ||    48
 Cast: Sandblast         |    32 |    15 ||    47
Evoke: Wand              |       |     3 ||     3
  Use: Scroll            |     1 |     6 ||     7
       Potion            |     1 |       ||     1
 Stab: Sleeping          |     1 |     2 ||     3
Armor: Robe              |    16 |    32 ||    48
Dodge: Dodged            |    34 |    51 ||    85

Table legend: (Time is in decaauts)
 A = Elapsed time spent in this place.
 B = Non-inter-level travel time spent in this place.
 C = Inter-level travel time spent in this place.
 D = Time resting spent in this place.
 E = Time spent auto-exploring this place.
 F = Levels seen in this place.
 G = Mean time per level.
                   A        B        C        D        E       F      G
               +--------+--------+--------+--------+--------+-----+--------+
         Total |   3682 |   3601 |     81 |    733 |   1919 |   4 |  920.5 |
       Dungeon |   3682 |   3601 |     81 |    733 |   1919 |   4 |  920.5 |
               +--------+--------+--------+--------+--------+-----+--------+

Top non-repeatable levels by time:
     D:2: 1270 daAuts
     D:3: 1164 daAuts
     D:1: 914 daAuts
     D:4: 333 daAuts
